 Dungeon Crawl Stone Soup version 0.23.2 (webtiles) character file.

Game seed: 15054627000651943760

1248 snowfan the Destroyer (level 8, 0/57 HPs)
             Began as a Mummy Conjurer on Apr 7, 2019.
             Was an Initiate of Sif Muna.
             Incinerated by a deep elf mage (6 damage)
             ... with a sticky flame
             ... on level 6 of the Dungeon.
             The game lasted 00:20:57 (8416 turns).

snowfan the Destroyer (Mummy Conjurer)              Turns: 8416, Time: 00:20:58

Health: 0/57       AC:  8    Str: 12    XL:     8   Next: 26%
Magic:  2/14       EV: 12    Int: 16    God:    Sif Muna [......]
Gold:   379        SH:  0    Dex: 12    Spells: 3/16 levels left

rFire    x . .     SeeInvis .   q - +0 hand axe
rCold    + . .     Gourm    .   (no shield)
rNeg     + + +     Faith    .   a - +0 robe
rPois    ∞         Spirit   .   x - +0 helmet
rElec    .         Reflect  .   j - +2 cloak
rCorr    +         Harm     .   g - +0 pair of gloves
MR       +....                  t - +0 pair of boots
Stlth    +.........             o - amulet of regeneration
HPRegen  0.59/turn              p - ring of resist corrosion
MPRegen  0.14/turn              v - ring of wizardry

@: liquid flames, glowing
A: no food or potions, fire vulnerability, cold resistance 1, negative energy
resistance 3, torment resistance, unbreathing
a: Renounce Religion


You were on level 6 of the Dungeon.
You worshipped Sif Muna.
Sif Muna was noncommittal.
You were not hungry.

You visited 1 branch of the dungeon, and saw 6 of its levels.

You collected 379 gold pieces.

Inventory:

Hand Weapons
 q - a +0 hand axe (weapon)
 r - a +3 dagger
 u - a +0 hunting sling
 A - a +0 shortbow
Missiles
 c - 95 stones (quivered)
 h - 70 sling bullets
 k - 92 arrows
Armour
 a - a +0 robe (worn)
 g - a +0 pair of gloves (worn)
 j - a +2 cloak (worn)
 t - a +0 pair of boots (worn)
 x - a +0 helmet (worn)
Magical Staves
 z - an uncursed staff of summoning {unknown}
Jewellery
 i - an uncursed ring of protection from cold
 o - an amulet of regeneration (around neck)
 p - a ring of resist corrosion (left hand)
 v - a ring of wizardry (right hand)
Wands
 w - a wand of iceblast (12)
 y - a wand of disintegration (13)
Scrolls
 b - 2 scrolls of noise {unknown}
 d - 3 scrolls of remove curse
 e - 3 scrolls of identify
 f - a scroll of enchant weapon {unknown}
 l - a scroll of random uselessness {unknown}
 m - a scroll of magic mapping {unknown}
 n - a scroll of amnesia {unknown}
 s - 3 scrolls of teleportation {unknown}


   Skills:
 + Level 2.8 Fighting
 - Level 1.5 Dodging
 - Level 1.5 Stealth
 + Level 4.5 Spellcasting
 * Level 8.2 Conjurations


You had 3 spell levels left.
You knew the following spells:

 Your Spells              Type           Power        Failure   Level  Hunger
a - Magic Dart            Conj           ####         1%          1    N/A
b - Iskenderun's Mystic   Conj           ####....     2%          4    N/A
c - Force Lance           Conj/Tloc      ###.....     12%         4    N/A
f - Fulminant Prism       Conj/Hex       ###.......   12%         4    N/A

Your spell library contained the following spells:

 Spells                   Type           Power        Failure   Level  Hunger
 Searing Ray              Conj           ####..       1%          2    N/A
 Dazzling Spray           Conj/Hex       ###...       3%          3    N/A

Dungeon Overview and Level Annotations

Branches:
Dungeon (6/15)
 Temple: D:4-7

Altars:
Ashenzari
Gozag
Kikubaaqudgha
Makhleb
Nemelex Xobeh
Okawaru
Ru
Sif Muna
Trog
Uskayaw
Zin
The Shining One


Innate Abilities, Weirdness & Mutations

You do not eat or drink.
Your flesh is vulnerable to fire.
You are immune to poison.
Your flesh is cold resistant. (rC+)
You are immune to negative energy. (rN+++)
You are immune to unholy pain and torment.
You can survive without breathing.


Message History

The deep elf mage closely misses you.
Casting: Iskenderun's Mystic Blast (safe; 2% risk of failure)
Confirm with . or Enter, or press ? or * to list all spells.
Aiming: Iskenderun's Mystic Blast (safe; 2% risk of failure)
Press: ? - help, Shift-Dir - straight line, f/p - deep elf mage
Aim: a deep elf mage, wielding a +0 dagger and wearing a +0 ring mail (heavily wounded)
The orb of energy misses the deep elf mage.
The orb of energy explodes!
The deep elf mage casts a spell at you. The sticky flame hits you.
The fire burns you terribly!
You are covered in liquid flames!
* * * LOW HITPOINT WARNING * * *
Casting: Iskenderun's Mystic Blast (safe; 2% risk of failure)
Confirm with . or Enter, or press ? or * to list all spells.
You don't know that spell.
Unknown command.
You are covered in liquid flames!
* * * LOW HITPOINT WARNING * * *
You are covered in liquid flames!
You die...

##..........### #####.....
#..##......... #####.#
##.###..######## #..#..# ####..#
#..#..'...+ #.#......
###....#####.#..'...+ #.#......
##........###.#..'..P+ #........
#...........#.#.e#+++# #...)....
..............#..#...# .#.#......
#.#...........#.@#...# .#.#......
._............#..#...#..#.#......
#.#...........#..#...#..#........
..............#..#...#..#...#....
..............#..8...8..#...###..
...........................## ###
..<..........#######.####..#
............## #.# #.##
...........## #.####.#


You could see a deep elf mage.

Vanquished Creatures
  A water moccasin (D:5)
  A phantom (D:6)
  2 ogres
  A centaur (D:6)
  A bullfrog (D:6)
  A water moccasin zombie (D:5)
  A howler monkey (D:6)
  2 crimson imps (D:5)
  A hound (D:5)
  A centaur skeleton (D:5)
  2 orc priests
  An orc wizard (D:4)
  An iguana (D:5)
  4 worker ants (D:4)
  A hound zombie (D:4)
  A howler monkey zombie (D:6)
  4 gnolls
  A howler monkey skeleton (D:4)
  12 adders
  2 shadow imps
  2 oozes
  5 worms
  2 dart slugs (D:3)
  4 leopard geckos
  9 orcs
  4 giant cockroaches
  9 goblins
  9 hobgoblins
  9 jackals
  5 kobolds
  5 quokkas
  A ball python (D:2)
  5 bats
  4 frilled lizards
  A leopard gecko skeleton (D:4)
  A leopard gecko zombie (D:6)
  6 rats
122 creatures vanquished.

Vanquished Creatures (others)
  2 fulminant prisms (D:6)
2 creatures vanquished.

Grand Total: 124 creatures vanquished

Notes
Turn   | Place    | Note
-------+----------+-------------------------------------------
     0 | D:1      | snowfan the Mummy Conjurer began the quest for the Orb.
     0 | D:1      | Reached XP level 1. HP: 13/13 MP: 4/4
   297 | D:1      | Reached XP level 2. HP: 19/19 MP: 2/5
   576 | D:1      | You fall through a shaft!
   579 | D:2      | Found a bloodstained altar of Trog.
   663 | D:2      | Reached skill level 4 in Conjurations
   915 | D:2      | Found an ancient bone altar of Kikubaaqudgha.
   918 | D:2      | Reached XP level 3. HP: 24/24 MP: 2/7
  2324 | D:2      | Reached XP level 4. HP: 30/30 MP: 3/8
  2901 | D:3      | Reached skill level 5 in Conjurations
  3151 | D:3      | Found an iron altar of Okawaru.
  3493 | D:3      | Found a sparkling altar of Nemelex Xobeh.
  3497 | D:3      | Reached XP level 5. HP: 35/35 MP: 4/9
  3892 | D:3      | Found a faded altar of an unknown god.
  3916 | D:3      | Found a sacrificial altar of Ru.
  4474 | D:4      | Reached skill level 6 in Conjurations
  4538 | D:4      | Learned a level 4 spell: Iskenderun's Mystic Blast
  4704 | D:4      | Reached XP level 6. HP: 26/41 MP: 0/10
  4849 | D:4      | Found an opulent altar of Gozag.
  5702 | D:5      | Entered Level 5 of the Dungeon
  5942 | D:5      | Reached skill level 7 in Conjurations
  5942 | D:5      | Reached XP level 7. HP: 46/46 MP: 5/11
  6746 | D:5      | Found a burning altar of Makhleb.
  6873 | D:5      | Reached skill level 1 in Fighting
  7187 | D:5      | Found a hide-covered altar of Uskayaw.
  7189 | D:5      | Found a glowing golden altar of the Shining One.
  7460 | D:6      | Reached XP level 8. HP: 56/56 MP: 6/14
  7562 | D:6      | Found a shattered altar of Ashenzari.
  7637 | D:6      | Reached skill level 8 in Conjurations
  7675 | D:6      | Learned a level 4 spell: Force Lance
  7680 | D:6      | Learned a level 4 spell: Fulminant Prism
  8075 | D:5      | Found a deep blue altar of Sif Muna.
  8075 | D:5      | Found a glowing silver altar of Zin.
  8086 | D:5      | Became a worshipper of Sif Muna the Loreminder
  8407 | D:6      | Noticed a deep elf mage
  8416 | D:6      | Incinerated by a deep elf mage

Skill      XL: |  1  2  3  4  5  6  7  8 |
---------------+-------------------------+-----
Conjurations   | 4 5 6 7 8 |  8.2
Spellcasting   | 4 |  4.5
Fighting       | 2 |  2.8
Dodging        | |  1.5
Stealth        | |  1.5

Action                   |  1- 3 |  4- 6 |  7- 9 || total
-------------------------+-------+-------+-------++-------
Melee: Dagger            |    16 |    32 |       ||    48
       Hand axe          |       |    22 |    15 ||    37
 Cast: Magic Dart        |    89 |   224 |   131 ||   444
       Iskenderun's Myst |       |       |    16 ||    16
       Fulminant Prism   |       |       |     2 ||     2
  Use: Scroll            |       |       |     2 ||     2
Armor: Robe              |     7 |    41 |    23 ||    71
Dodge: Dodged            |    12 |    89 |    46 ||   147
